 Dungeon Crawl Stone Soup version 0.30-a0-691-g754fce4c43 (webtiles) character file.

Game seed: 4222919499422643605

987 ASSMAN the Trooper (level 8, 0/42 (43) HPs)
             Began as a Vine Stalker Fighter on Jan 20, 2023.
             Was a Follower of Elyvilon.
             Slain by an iguana (2 damage)
             ... on level 5 of the Dungeon.
             The game lasted 00:08:10 (3454 turns).

ASSMAN the Trooper (Vine Stalker Fighter)           Turns: 3454, Time: 00:08:11

HP:   0/42 (43)     AC:  9    Str: 21    XL:     8   Next: 18%
MP:   0/12          EV:  9    Int:  8    God:    Elyvilon [*.....]
Gold: 245           SH:  5    Dex: 14    Spells: 7/7 levels left

rFire   . . .      SeeInvis .    a - +1 long sword
rCold   . . .      Faith    .    c - +0 buckler
rNeg    . . .      Spirit   +    b - +0 scale mail
rPois   .          Reflect  .    q - +1 helmet
rElec   .          Harm     .    u - scarf {repulsion}
rCorr   .          Rampage  .    (no gloves)
Will    +....                    (no boots) Stlth
                                 (no amulet)
HPRegen 1.07/turn                (no ring)
MPRegen 0.13/turn                (no ring)

@: lightly drained, repel missiles
A: fangs 3, regeneration 1, magic shield, antimagic bite, no potion heal 2
a: Renounce Religion, Purification


You were on level 5 of the Dungeon.
You worshipped Elyvilon.
Elyvilon was aware of your devotion.
You visited 2 branches of the dungeon, and saw 7 of its levels.

You collected 245 gold pieces.

Inventory:

Hand Weapons
 a - a +1 long sword (weapon)
Armour
 b - a +0 scale mail (worn)
 c - a +0 buckler (worn)
 q - a +1 helmet (worn)
 u - a scarf of repulsion (worn)
Wands
 d - a wand of flame (8) (quivered)
Scrolls
 g - a scroll of poison
 i - 4 scrolls of identify
 m - 2 scrolls of blinking
 t - 2 scrolls of fog
Potions
 e - a potion of haste {unknown}
 f - a potion of curing
 k - a potion of lignification {unknown}
 l - a potion of cancellation {unknown}
 n - a potion of flight {unknown}
 o - 2 potions of brilliance {unknown}
 r - a potion of magic {unknown}
 x - a potion of mutation {unknown}


   Skills:
 + Level 5.0 Fighting
 - Level 1.7 Long Blades
 + Level 4.5 Armour
 + Level 5.0 Shields
 * Level 4.0 Invocations


You had 7 spell levels left.
You didn't know any spells.
Your spell library contained the following spells:

 Spells                   Type           Power      Damage    Failure   Level
 Freeze                   Ice            0%         1d3       83%         1
 Cigotuvi's Dreadful Rot  Necr/Pois/Air  0%         N/A       92%         2
 Ensorcelled Hibernation  Hex/Ice        0%         N/A       92%         2
 Spider Form              Tmut/Pois      0%         N/A       99%         3
 Anguish                  Hex/Necr       0%         N/A       100%        4
 Dispel Undead            Necr           0%         3d6       100%        4
 Freezing Cloud           Conj/Ice/Air   0%         6-21      100%        5
 Death Channel            Necr           0%         N/A       100%        6
 Haunt                    Necr/Summ      0%         N/A       100%        7


Dungeon Overview and Level Annotations

Branches:
Dungeon (6/15)             Temple (1/1) D:4

Altars:
Cheibriados
Dithmenos
Elyvilon
Fedhas
Gozag
Hepliaklqana
Nemelex Xobeh
Okawaru
Qazlal
Ru
Sif Muna
Uskayaw
Vehumet
Wu Jian
Yredelemnul
Zin
The Shining One

Annotations:
D:4 3 runed translucent doors, voltaire321's ghost, amateur DsGl
D:6 Dowan; Duvessa


Innate Abilities, Weirdness & Mutations

You have razor-sharp teeth.
Your natural rate of healing is unusually fast.
When hurt, damage is shared between your health and your magic reserves.
Your bite disrupts and absorbs the magic of your enemies.
Potions cannot restore your health.


Message History

Press: ? - help, Dir - move target
Found a stone staircase leading up.
As you read the scroll of blinking, it crumbles to dust.
A wraith comes into view.
A gnoll bouda comes into view. It is wielding a +0 club.
The gnoll bouda shouts!
You hear an angry hiss.
The iguana hisses angrily.
The gnoll bouda gazes fiercely through you!
You feel your attacks grow feeble. Dowan gestures at you while chanting.
The puff of frost hits you. The wraith barely misses you.
Found 8 gold pieces.
The wraith hits you but does no damage.
Your attacks no longer feel as feeble.
The hound stops to sniff the ground.
The gnoll bouda hits you with a +0 club.
Found a runed quarterstaff.
The wraith closely misses you. You block the iguana's attack.
The gnoll bouda hits you with a +0 club!
The iguana bites you but does no damage.
The hound attacks as you move away! You block the hound's attack.
An orc comes into view. It is wielding a +0 falchion.
The iguana barely misses you.
The gnoll bouda hits you with a +0 club.
The gnoll bouda attacks as you move away!
The gnoll bouda completely misses you. The hound bites you.
The ogre hits you with a +0 giant club!!
Ouch! That really hurt!
* * * LOW HITPOINT WARNING * * *
The iguana barely misses you.
There is a stone staircase leading up, spattered with blood here.
The hound barely misses you. The iguana bites you.
* * * LOW HITPOINT WARNING * * *
You climb upwards.
Found 5 gold pieces and 2 stones.
There is a stone staircase leading down here.
The ogre attacks as you move away! The ogre hits you with a +0 giant club!
* * * LOW HITPOINT WARNING * * *
You block the hound's attack. The hound bites you but does no damage.
The iguana bites you.
You die...

### #..
#.# ##
#.# .
#.#.#
#.#.# ###
#Ol.#####
....
#@h(.....
.....
#...##...
......
#...... .
......
##.###...
###... ..
.. #..
#.. . #.
## #


You could see an ogre, an iguana and a hound.

Vanquished Creatures
  A black bear (D:4)
  A centaur (D:5)
  An ogre (D:5)
  A necrophage (D:6)
  4 scorpions
  A howler monkey (D:5)
  3 hounds
  Ijyb (D:4)
  Natasha (twice) (D:3)
  2 iguanas (D:5)
  An orc wizard (D:4)
  2 adders
  3 gnolls (D:5)
  6 worms
  2 dart slugs
  4 orcs
  9 ball pythons
  8 endoplasms
  A giant cockroach (D:1)
  10 goblins
  8 hobgoblins
  6 jackals
  3 kobolds
  2 quokkas
  4 bats
  A frilled lizard (D:3)
  6 rats
93 creatures vanquished.

Notes
Turn   | Place    | Note
-------+----------+-------------------------------------------
     0 | D:1      | ASSMAN the Vine Stalker Fighter began the quest for the
                  | Orb.
     0 | D:1      | Reached XP level 1. HP: 11/11 MP: 2/2
   241 | D:1      | Reached XP level 2. HP: 16/16 MP: 3/3
   881 | D:2      | Reached XP level 3. HP: 20/20 MP: 4/4
  1721 | D:3      | Got the Incunabulum of the Many Cities
  1773 | D:3      | Noticed Natasha
  1778 | D:3      | Killed Natasha
  1779 | D:3      | Gained mutation: Your natural rate of healing is unusually
                  | fast. [Vine Stalker growth]
  1779 | D:3      | Reached XP level 4. HP: 16/24 MP: 3/5
  1976 | D:3      | Found a faded altar of an unknown god.
  2132 | D:3      | Noticed Natasha
  2137 | D:3      | Killed Natasha
  2138 | D:3      | Reached XP level 5. HP: 28/28 MP: 6/6
  2166 | D:4      | Found a runed translucent gate.
  2166 | D:4      | Found a runed translucent gate.
  2166 | D:4      | Found a runed translucent gate.
  2201 | D:4      | Noticed Ijyb
  2211 | D:4      | Killed Ijyb
  2226 | D:4      | Reached XP level 6. HP: 13/33 MP: 7/7
  2279 | D:4      | Noticed an ice beast
  2279 | D:4      | Noticed voltaire321's ghost (amateur DsGl)
  2392 | D:4      | Found a staircase to the Ecumenical Temple.
  2400 | Temple   | Entered the Ecumenical Temple
  2570 | Temple   | Became a worshipper of Elyvilon the Healer
  2671 | D:4      | Reached skill level 1 in Invocations
  2792 | D:4      | Noticed a black bear
  2815 | D:4      | Killed a black bear
  2816 | D:4      | Reached XP level 7. HP: 15/38 MP: 5/9
  2952 | D:5      | Entered Level 5 of the Dungeon
  3379 | D:5      | Gained mutation: You have razor-sharp teeth. [Vine Stalker
                  | growth]
  3379 | D:5      | Reached XP level 8. HP: 19/42 MP: 3/11
  3397 | D:6      | Reached * piety under Elyvilon
  3401 | D:6      | Noticed Duvessa
  3407 | D:6      | Noticed Dowan
  3427 | D:6      | Reached skill level 5 in Fighting
  3427 | D:6      | Reached skill level 5 in Shields
  3440 | D:6      | Noticed a wraith
  3454 | D:5      | HP: 1/42 [ogre/+0 giant club (7)]
  3454 | D:5      | Slain by an iguana

Illustrated notes

Levels and vault maps discovered:
D:1:      wander_arrival_chamber, layout_basic
D:2:      layout_loops_cross, glass_columns_a
D:3:      layout_basic, chequers_ecumenical_altar_twisty, uniq_natasha
D:4:      layout_rooms, minmay_temple_entry_purple_smoke, gammafunk_ghost_icy,
          chequers_garden, grunt_decor_arrowhead, uniq_ijyb
D:5:      layout_basic, uniq_pikel
D:6:      layout_rooms, chequers_serial_rivers_marsh, minmay_divided_ellipse,
          uniq_duvessa
Temple:   nicolae_temple_bog_church

Skill      XL: |  1  2  3  4  5  6  7  8 |
---------------+-------------------------+-----
Fighting       | 3 4 5 |  5.0
Shields        | 3 4 5 |  5.0
Armour         | 3 4 |  4.5
Invocations    | 2 3 4 |  4.0
Long Blades    | |  1.7

Action                   |  1- 3 |  4- 6 |  7- 9 || total
-------------------------+-------+-------+-------++-------
Melee: Long sword        |   111 |   112 |    79 ||   302
       Bite              |    24 |    22 |    25 ||    71
Evoke: Wand              |       |       |     2 ||     2
  Use: Potion            |       |     2 |       ||     2
       Scroll            |       |       |    10 ||    10
Armor: Scale mail        |    62 |    76 |    38 ||   176
Dodge: Dodged            |    59 |    64 |    52 ||   175
Block: Buckler           |    23 |    36 |    30 ||    89

Table legend: (Time is in decaauts)
 A = Elapsed time spent in this place.
 B = Non-inter-level travel time spent in this place.
 C = Inter-level travel time spent in this place.
 D = Time resting spent in this place.
 E = Time spent auto-exploring this place.
 F = Levels seen in this place.
 G = Mean time per level.
                   A        B        C        D        E       F      G
               +--------+--------+--------+--------+--------+-----+--------+
         Total |   3565 |   3390 |    175 |     33 |   2530 |   7 |  509.3 |
       Dungeon |   3371 |   3235 |    136 |     33 |   2388 |   6 |  561.8 |
        Temple |    193 |    154 |     39 |      0 |    142 |   1 |  193.0 |
               +--------+--------+--------+--------+--------+-----+--------+

Top non-repeatable levels by time:
     D:1: 890 daAuts
     D:4: 685 daAuts
     D:2: 683 daAuts
     D:3: 638 daAuts
     D:5: 412 daAuts
  Temple: 193 daAuts
     D:6: 61 daAuts
